 Dungeon Crawl Stone Soup version 0.30-a0-586-g23e55c9e0a (webtiles) character file.

Game seed: 2752595934810672505

7393 omnomnOMINOUS the Destroyer (level 11, -2/76 HPs)
             Began as an Octopode Wanderer on Jan 4, 2023.
             Was an Elder of Lugonu.
             Slain by a boulder beetle (17 damage)
             ... on level 1 of the Lair of Beasts.
             The game lasted 00:30:25 (10816 turns).

omnomnOMINOUS the Destroyer (Octopode Wanderer)    Turns: 10816, Time: 00:30:26

Health: -2/76      AC:  1    Str: 11    XL:     11   Next: 14%
Magic:  5/25       EV: 20    Int: 21    God:    Lugonu [****..]
Gold:   269        SH:  0    Dex: 10    Spells: 8/14 levels left

rFire   . . .      SeeInvis +    a - +2 trident (freeze)
rCold   . . .      Faith    .    (no shield)
rNeg    . . .      Spirit   .    (helmet restricted)
rPois   .          Reflect  .    (no amulet)
rElec   .          Harm     .    u - +5 ring of evasion
rCorr   .          Rampage  .    v - ring of magical power
Will    .....                    d - ring of see invisible
Stlth   ++                       (no ring)
HPRegen 0.32/turn                (no ring)
MPRegen 0.19/turn                (no ring)
                                 (no ring)
                                 (no ring)

@: no status effects
A: almost no armour, amphibious, 8 rings, camouflage 1, gelatinous body 1,
(nimble swimmer 1), tentacles
a: Renounce Religion, Depart the Abyss, Banish, Corrupt


You were on level 1 of the Lair of Beasts.
You worshipped Lugonu.
Lugonu was greatly pleased with you.
You visited 2 branches of the dungeon, and saw 10 of its levels.
You also visited: Ossuary.

You collected 365 gold pieces.
You spent 96 gold pieces at shops.

Inventory:

Hand Weapons
 a - a +2 trident of freezing (weapon)
 b - a +2 heavy mace
 B - a +0 dagger of venom
 E - a +0 short sword of draining
 O - a +1 whip of freezing
Missiles
 f - 23 poisoned darts
Armour
 D - an orb of wrath
Jewellery
 d - a ring of see invisible (on tentacle)
 u - a +5 ring of evasion (left tentacle)
 v - a ring of magical power (right tentacle)
Wands
 c - a wand of iceblast (11)
 C - a wand of polymorph (6)
 N - a wand of flame (21)
Scrolls
 g - a scroll of silence {unknown}
 h - a scroll of butterflies {unknown}
 i - 3 scrolls of brand weapon
 j - 2 scrolls of fog {unknown}
 k - a scroll of vulnerability {unknown}
 l - a scroll of amnesia {unknown}
 q - 2 scrolls of magic mapping {unknown}
 t - 4 scrolls of immolation {unknown}
 w - 3 scrolls of teleportation
 F - a scroll of fear {unknown}
 J - a scroll of poison {unknown}
 K - a scroll of enchant armour {unknown}
 L - a scroll of noise {unknown}
 M - a scroll of blinking
Potions
 e - a potion of brilliance
 m - 3 potions of lignification
 n - 2 potions of might
 o - 7 potions of curing
 p - 2 potions of cancellation
 r - a potion of ambrosia
 s - a potion of berserk rage
 A - 2 potions of resistance
 G - a potion of attraction
 I - a potion of haste {unknown}


   Skills:
 + Level 7.7 Fighting
 - Level 1.0 Throwing
 + Level 7.3 Dodging
 - Level 2.0 Spellcasting
 + Level 8.0 Conjurations
 + Level 7.5 Earth Magic
 + Level 7.8 Invocations
 - Level 4.3 Evocations


You had 8 spell levels left.
You knew the following spells:

 Your Spells              Type           Power      Damage    Failure   Level
a - Magic Dart            Conj           100%       1d8       1%          1
b - Searing Ray           Conj           70%        2d7       1%          2
c - Stone Arrow           Conj/Erth      68%        3d11      1%          3

Your spell library contained the following spells:

 Spells                   Type           Power      Damage    Failure   Level
 Momentum Strike          Conj/Tloc      36%        3d9       4%          2
 Static Discharge         Conj/Air       36%        2-4/arc   4%          2
 Necrotise                Necr           8%         1d4       14%         1
 Sting                    Tmut/Pois      8%         1d3       14%         1
 Mephitic Cloud           Conj/Pois/Air  13%        N/A       16%         3
 Call Imp                 Summ           2%         N/A       22%         2
 Poisonous Vapours        Pois/Air       4%         N/A       22%         2
 Leda's Liquefaction      Hex/Erth       8%         N/A       30%         4
 Call Canine Familiar     Summ           2%         N/A       41%         3
 Portal Projectile        Hex/Tloc       4%         N/A       41%         3
 Tukima's Dance           Hex            2%         N/A       41%         3
 Vampiric Draining        Necr           2%         2d6       41%         3
 Vhi's Electric Charge    Tloc/Air       4%         N/A       41%         3
 Arcjolt                  Conj/Air       9%         1d19      61%         5
 Lightning Bolt           Conj/Air       9%         1d21      61%         5
 Olgreb's Toxic Radiance  Pois           2%         N/A       82%         4
 Passage of Golubria      Tloc           2%         N/A       82%         4
 Agony                    Necr           2%         N/A       99%         5
 Yara's Violent Unravell  Hex/Tmut       1%         3d3       99%         5
 Lehudib's Crystal Spear  Conj/Erth      17%        10d5      100%        8
 Animate Armour           Summ/Erth      Unusable   N/A       N/A         4

Dungeon Overview and Level Annotations

Branches:
Dungeon (9/15)             Temple (0/1) D:4            Lair (1/5) D:8
Ossuary (visited)
    Orc: D:9-12

Altars:
Kikubaaqudgha
Nemelex Xobeh
Sif Muna
Vehumet
Xom
Lugonu

Shops:
D:3 (   D:4 ?


Innate Abilities, Weirdness & Mutations

You cannot wear most types of armour.
You are amphibious.
You can wear up to eight rings at the same time.
Your skin changes colour to match your surroundings (Stealth+).
Your rubbery body absorbs attacks. (AC +1, EV +1)
((You are camouflaged when in or above water. (Stealth+)))
You have tentacles for arms and can constrict up to eight enemies at once.


Message History

Aiming: Paralyse
Press: ? - help, Shift-Dir - straight line, f/p - boulder beetle
Aim: a boulder beetle (heavily wounded, chance to affect: 42%)
The boulder beetle resists with some effort.
The boulder beetle bites you!!
* * * LOW HITPOINT WARNING * * *
Aiming: Paralyse
Press: ? - help, Shift-Dir - straight line, f/p - boulder beetle
Aim: a boulder beetle (heavily wounded, chance to affect: 42%)
The boulder beetle suddenly stops moving!
The now-empty wand crumbles to dust.
The helpless boulder beetle fails to defend itself.
You hit the boulder beetle but do no damage.
You squeeze the boulder beetle.
The boulder beetle is severely wounded.
The helpless boulder beetle fails to defend itself.
You hit the boulder beetle. You freeze the boulder beetle.
The boulder beetle is severely wounded.
The helpless boulder beetle fails to defend itself.
You puncture the boulder beetle! You freeze the boulder beetle.
You squeeze the boulder beetle.
The boulder beetle is almost dead.
The helpless boulder beetle fails to defend itself.
You hit the boulder beetle but do no damage.
You squeeze the boulder beetle, but do no damage.
The boulder beetle is almost dead.
The helpless boulder beetle fails to defend itself.
You hit the boulder beetle but do no damage.
You squeeze the boulder beetle, but do no damage.
The boulder beetle is almost dead.
The helpless boulder beetle fails to defend itself.
You hit the boulder beetle but do no damage.
You squeeze the boulder beetle, but do no damage.
The boulder beetle is almost dead.
The boulder beetle is no longer paralysed.
The boulder beetle barely misses you.
You hit the boulder beetle but do no damage.
The boulder beetle is almost dead.
The boulder beetle bites you!
You die...

## ###### ##
###P###.##P##.####P
#..................
#.........B@.......
#......#..##...#..#
#..#...#..##..##
##.....##...#..#
#...#...#..##...
##..#...#..# ...#
#.........# ..#.
#..#....B.# ..##.
##.....#....#


You could see a boulder beetle.

Vanquished Creatures
  A boulder beetle (D:8)
  Pikel (D:8)
  2 elephants (Lair:1)
  2 black mambas (Lair:1)
  A cane toad (Lair:1)
  2 komodo dragons
  Prince Ribbit (D:7)
  A hornet (D:8)
  A shadow (D:6)
  A wyvern (D:7)
  A basilisk (Lair:1)
  Menkaure (D:7)
  A water moccasin (D:5)
  A black bear (D:4)
  2 ice beasts
  4 ogres
  5 wolves
  A centaur (D:6)
  A lemure (D:9)
  A phantom (D:7)
  A kobold brigand (D:8)
  Blork the orc (D:6)
  2 bullfrogs
  2 scorpions (D:5)
  5 wights (D:8)
  3 howler monkeys (D:7)
  4 crimson imps (D:5)
  9 hounds
  4 orc priests
  A jelly (D:7)
  A gnoll bouda (D:8)
  Ijyb (D:5)
  An iguana (D:5)
  6 orc wizards
  13 mummies
  11 adders
  3 gnolls (D:8)
  2 shadow imps (D:5)
  5 white imps
  3 worms (D:3)
  2 dart slugs
  9 orcs
  11 endoplasms
  4 giant cockroaches
  10 goblins
  11 hobgoblins
  3 jackals (D:2)
  8 kobolds
  7 quokkas
  14 ball pythons
  5 bats
  3 frilled lizards (D:2)
  2 gnoll skeletons (Ossuary)
  A goblin skeleton (Ossuary)
  A kobold skeleton (Ossuary)
  4 orc skeletons (Ossuary)
  5 rats
  11 rat skeletons (Ossuary)
220 creatures vanquished.

Vanquished Creatures (others)
  6 fungi
  10 plants
16 creatures vanquished.

Grand Total: 236 creatures vanquished

Notes
Turn   | Place    | Note
-------+----------+-------------------------------------------
     0 | D:1      | omnomnOMINOUS the Octopode Wanderer began the quest for the
                  | Orb.
     0 | D:1      | omnomnOMINOUS set off with the following items: a +0
                  | dagger, 12 poisoned darts, a wand of iceblast (2), a scroll
                  | of blinking; and the following spells available to
                  | memorise: Searing Ray, Momentum Strike.
     0 | D:1      | Reached XP level 1. HP: 14/14 MP: 2/2
   169 | D:1      | Reached XP level 2. HP: 7/19 MP: 3/3
   172 | D:1      | Learned a level 2 spell: Searing Ray
   591 | D:1      | Reached XP level 3. HP: 24/24 MP: 5/5
   690 | D:1      | Reached skill level 2 in Conjurations
   787 | D:1      | Learned a level 3 spell: Stone Arrow
  1207 | D:2      | HP: 1/25 [frozen (5)]
  1336 | D:2      | Reached XP level 4. HP: 26/30 MP: 2/6
  1664 | D:2      | Found a sparkling altar of Nemelex Xobeh.
  1999 | D:2      | Found a faded altar of an unknown god.
  2003 | D:2      | Prayed at the altar of an unknown god.
  2003 | D:2      | Became a worshipper of Lugonu the Unformed
  2003 | D:2      | Reached * piety under Lugonu
  2250 | D:3      | Found Upur Mav's Weapon Emporium.
  2257 | D:3      | Reached skill level 1 in Earth Magic
  2611 | D:3      | Reached XP level 5. HP: 35/35 MP: 2/7
  3286 | D:4      | Noticed a black bear
  3339 | D:4      | Found a staircase to the Ecumenical Temple.
  3396 | D:4      | Learned a level 1 spell: Magic Dart
  3487 | D:4      | Reached ** piety under Lugonu
  3569 | D:4      | Reached skill level 3 in Conjurations
  3569 | D:4      | Reached skill level 1 in Invocations
  3637 | D:4      | Found Hatrout's Magic Scroll Shoppe.
  3656 | D:4      | Bought a scroll of identify for 24 gold pieces
  3656 | D:4      | Bought a scroll of teleportation for 36 gold pieces
  3656 | D:4      | Bought a scroll of teleportation for 36 gold pieces
  3798 | D:4      | Reached XP level 6. HP: 42/42 MP: 9/9
  3845 | D:4      | Found an ancient bone altar of Kikubaaqudgha.
  3845 | D:4      | Found a shimmering blue altar of Sif Muna.
  3939 | D:4      | Found a radiant altar of Vehumet.
  4066 | D:4      | Killed a black bear
  4140 | D:5      | Entered Level 5 of the Dungeon
  4192 | D:5      | Reached XP level 7. HP: 38/46 MP: 10/10
  4305 | D:5      | Reached skill level 4 in Conjurations
  4914 | D:5      | Noticed Ijyb
  4922 | D:5      | Killed Ijyb
  4933 | D:5      | Reached XP level 8. HP: 32/54 MP: 3/11
  5039 | D:5      | Found a shimmering altar of Xom.
  5652 | D:6      | Reached skill level 5 in Conjurations
  6245 | D:6      | Noticed Blork the orc
  6250 | D:6      | Killed Blork the orc
  6551 | D:6      | Reached skill level 5 in Fighting
  6723 | D:7      | Reached XP level 9. HP: 61/61 MP: 11/12
  6811 | D:7      | Reached *** piety under Lugonu
  6814 | D:7      | Reached skill level 5 in Earth Magic
  7041 | D:6      | Reached skill level 5 in Dodging
  7116 | D:6      | Reached skill level 5 in Invocations
  7304 | D:7      | Reached skill level 6 in Conjurations
  7709 | D:7      | Noticed Prince Ribbit
  7715 | D:7      | Killed Prince Ribbit
  7988 | D:7      | Noticed Menkaure
  7993 | D:7      | Killed Menkaure
  8129 | D:8      | Noticed a hornet
  8597 | D:8      | Killed a hornet
  8598 | D:8      | Reached XP level 10. HP: 68/68 MP: 11/14
  8599 | D:8      | Found a staircase to the Lair.
  8665 | D:8      | Found a sand-covered staircase.
  8673 | Ossuary  | Entered an ossuary
  8889 | Ossuary  | Reached **** piety under Lugonu
  9262 | D:8      | Noticed Pikel
  9395 | D:8      | Killed Pikel
  9396 | D:8      | Reached skill level 7 in Conjurations
  9701 | Lair:1   | Entered Level 1 of the Lair of Beasts
  9701 | Lair:1   | Noticed a boulder beetle
  9782 | D:8      | Killed a boulder beetle
  9899 | Lair:1   | Noticed a black mamba
 10192 | Lair:1   | Killed a black mamba
 10285 | Lair:1   | Noticed a cane toad
 10293 | Lair:1   | Killed a cane toad
 10368 | Lair:1   | Noticed a black mamba
 10372 | Lair:1   | Noticed an elephant
 10373 | Lair:1   | Killed a black mamba
 10387 | Lair:1   | Killed an elephant
 10388 | Lair:1   | Reached XP level 11. HP: 72/75 MP: 0/16
 10678 | Lair:1   | Reached skill level 8 in Conjurations
 10787 | Lair:1   | Noticed a boulder beetle
 10816 | Lair:1   | Slain by a boulder beetle

Illustrated notes

Levels and vault maps discovered:
D:1:      grunt_arrival_crossed_arrows, layout_basic
D:2:      layout_basic, basic_altar, shapermc_ecumenical_altar_acropolis
D:3:      layout_basic, serial_shops, shop, minmay_unequal
D:4:      layout_rooms, palyth_temple_overflow_mages,
          minmay_temple_entry_sparse_star, serial_shops, shop_scrolls,
          minmay_hedge_maze, minivault_11
D:5:      layout_rooms, led_xom_imps, minivault_23, grunt_ministairs_11,
          minmay_chambers_of_fives, uniq_ijyb
D:6:      layout_gridville, uniq_blork_the_orc
D:7:      layout_loops_cross, uniq_menkaure, uniq_prince_ribbit1
D:8:      layout_gridville, david_lair_shrubbed, gup_ossuary_entry_pyramid,
          minmay_misc_feat_iff, uniq_pikel
D:9:      nicolae_BIG_FREAKIN_CUBE, layout_irregular_city,
          grunt_temple_overflow_forces_of_nature, serial_shops, shop,
          serial_glass, glass_columns_a, glass_columns_a, glass_columns_c,
          glass_columns_a, glass_columns_c, glass_columns_a
Lair:1:   statuecave_lemuel, layout_long_grid, nicolae_lair_grazing_beasts
          [nicolae_sub_lair_graze_edge, nicolae_sub_lair_graze_edge,
          nicolae_sub_lair_graze_edge, nicolae_sub_lair_graze_edge]

Skill      XL: |  1  2  3  4  5  6  7  8  9 10 11 |
---------------+----------------------------------+-----
Conjurations   | 2 3 4 5 6 7 8 |  8.0
Earth Magic    | 1 2 3 4 6 7 |  7.5
Dodging        | 2 3 4 5 7 |  7.3
Spellcasting   | 2 |  2.0
Invocations    | 1 3 4 6 7 |  7.8
Fighting       | 3 4 5 6 7 |  7.7
Throwing       | |  1.0
Evocations     | |  4.3

Action                   |  1- 3 |  4- 6 |  7- 9 | 10-12 || total
-------------------------+-------+-------+-------+-------++-------
Melee: Dagger            |    30 |       |       |       ||    30
       Constrict         |    16 |    15 |    25 |    31 ||    87
       Tentacles         |     9 |     8 |    17 |    30 ||    64
       Long sword        |    39 |    59 |     2 |       ||   100
       Short sword       |       |       |    82 |       ||    82
       Punch             |       |       |     2 |     6 ||     8
       Mace              |       |       |     7 |       ||     7
       Trident           |       |       |       |   116 ||   116
 Cast: Searing Ray       |    10 |    25 |    18 |       ||    53
       Stone Arrow       |       |       |    85 |    65 ||   150
       Magic Dart        |       |       |     5 |       ||     5
Evoke: Wand              |       |       |       |     4 ||     4
  Use: Potion            |     1 |     2 |       |     1 ||     4
       Scroll            |       |     7 |     2 |     2 ||    11
 Stab: Sleeping          |     5 |     3 |     1 |     7 ||    16
       Paralysed         |       |       |       |     9 ||     9
Armor: Skin              |     9 |    10 |     3 |     4 ||    26
Dodge: Dodged            |    47 |    66 |   106 |   123 ||   342

Table legend: (Time is in decaauts)
 A = Elapsed time spent in this place.
 B = Non-inter-level travel time spent in this place.
 C = Inter-level travel time spent in this place.
 D = Time resting spent in this place.
 E = Time spent auto-exploring this place.
 F = Levels seen in this place.
 G = Mean time per level.
                   A        B        C        D        E       F      G
               +--------+--------+--------+--------+--------+-----+--------+
         Total |  10913 |  10644 |    269 |   3052 |   5471 |  11 |  992.1 |
       Dungeon |   9714 |   9445 |    269 |   2611 |   5032 |   9 | 1079.3 |
          Lair |    667 |    667 |      0 |    366 |    159 |   1 |  667.0 |
       Ossuary |    531 |    531 |      0 |     75 |    280 |   1 |  531.0 |
               +--------+--------+--------+--------+--------+-----+--------+

Top non-repeatable levels by time:
     D:5: 1704 daAuts
     D:8: 1483 daAuts
     D:6: 1319 daAuts
     D:2: 1202 daAuts
     D:3: 1140 daAuts
     D:4: 932 daAuts
     D:1: 912 daAuts
     D:7: 896 daAuts
  Lair:1: 667 daAuts
 Ossuary: 531 daAuts
     D:9: 123 daAuts
